 Dungeon Crawl Stone Soup version 0.28-a0-1524-ge72afd5fc6 (webtiles) character file.

Game seed: 5582360558068991894

2 sasquatch the Chiller (level 1, -1/13 HPs)
             Began as a Demonspawn Ice Elementalist on Jan 18, 2022.
             Slain by a hound skeleton (2 damage)
             ... on level 2 of the Dungeon.
             The game lasted 00:02:00 (466 turns).

sasquatch the Chiller (Demonspawn Ice Elementalist)  Turns: 466, Time: 00:02:01

Health: -1/13      AC:  2    Str:  8    XL:     1   Next: 33%
Magic:  0/3        EV: 12    Int: 16    God:
Gold:   17         SH:  0    Dex: 13    Spells: 3/4 levels left

rFire   . . .      SeeInvis .   (no weapon)
rCold   . . .      Faith    .   (no shield)
rNeg    . . .      Spirit   .   a - +0 robe
rPois   .          Reflect  .   (no helmet)
rElec   .          Harm     .   (no cloak)
rCorr   .          Rampage  .   (no gloves)
Will    .....                   (no boots)
Stlth   ++........              (no amulet)
HPRegen 0.04/turn               (no ring)
MPRegen 0.08/turn               (no ring)

@: no status effects
A: no striking features
a: no special abilities


You were on level 2 of the Dungeon.
You visited 1 branch of the dungeon, and saw 2 of its levels.

You collected 17 gold pieces.

Inventory:

Armour
 a - a +0 robe (worn)
Potions
 b - a potion of flight {unknown}


   Skills:
 + Level 1.8 Dodging
 - Level 1.7 Stealth
 - Level 2.0 Spellcasting
 * Level 3.7 Ice Magic


You had 3 spell levels left.
You knew the following spells:

 Your Spells              Type           Power      Damage    Failure   Level
a - Freeze                Ice            52%        1d7       4%          1

Your spell library contained the following spells:

 Spells                   Type           Power      Damage    Failure   Level
 Frozen Ramparts          Ice            26%        1d4       14%         3
 Ozocubu's Armour         Ice            13%        N/A       14%         3
 Hailstorm                Conj/Ice       7%         3d4       67%         4


Dungeon Overview and Level Annotations

Branches:
Dungeon (1/15)

Altars:


Message History

Aim: a hound skeleton You freeze the hound skeleton.
The hound skeleton resists.
The hound skeleton is lightly damaged.
The hound skeleton bites you. x2
Casting: Freeze (safe; 4% risk of failure)
Confirm with . or Enter, or press ? or * to list all spells.
Aiming: Freeze (safe; 4% risk of failure)
Press: ? - help, Shift-Dir - straight line, f/p - hound skeleton
Aim: a hound skeleton (lightly damaged)
You freeze the hound skeleton but do no damage.
The hound skeleton completely resists.
The hound skeleton misses you.
Casting: Freeze (safe; 4% risk of failure)
Confirm with . or Enter, or press ? or * to list all spells.
Aiming: Freeze (safe; 4% risk of failure)
Press: ? - help, Shift-Dir - straight line, f/p - hound skeleton
Aim: a hound skeleton (lightly damaged)
You freeze the hound skeleton but do no damage.
The hound skeleton completely resists.
The hound skeleton bites you.
You hit the hound skeleton.
The hound skeleton is lightly damaged.
The hound skeleton completely misses you.
The hound skeleton bites you.
You closely miss the hound skeleton.
The hound skeleton is lightly damaged.
The hound skeleton bites you.
* * * LOW HITPOINT WARNING * * *
You hit the hound skeleton but do no damage.
The hound skeleton is lightly damaged.
The hound skeleton barely misses you.
You hit the hound skeleton.
The hound skeleton is moderately damaged.
The hound skeleton barely misses you.
You hit the hound skeleton.
The hound skeleton is moderately damaged.
The hound skeleton barely misses you. x2
A rat comes into view.
You hit the hound skeleton.
The hound skeleton is heavily damaged.
The hound skeleton bites you.
You die...

.. .. #. ... #. ...r
#.####+#....
#..(........
#......(...
#..........
#.##.Z.......
#.##.@#+###..
#.###.#.# #.# #...#
#.# ##..# #.# #..#
#######.# #..#
#.......#####.#####
#.................+
#.#............>#####


You could see a rat and a hound skeleton.

Vanquished Creatures
  A bat (D:2)
  An endoplasm (D:2)
2 creatures vanquished.

Vanquished Creatures (others)
  4 plants (D:2)
4 creatures vanquished.

Grand Total: 6 creatures vanquished

Notes
Turn   | Place    | Note
-------+----------+-------------------------------------------
     0 | D:1      | sasquatch the Demonspawn Ice Elementalist began the quest
                  | for the Orb.
     0 | D:1      | Reached XP level 1. HP: 13/13 MP: 3/3
    74 | D:1      | You fall into a shaft and drop 1 floor!
   466 | D:2      | Slain by a hound skeleton

Illustrated notes

Levels and vault maps discovered:
D:1:      elethiomel_arrival_maze, layout_basic,
          dreamdust_ecumenical_altar_drowned_temple
D:2:      layout_basic, skrybe_limestone_x, serial_bayou_pond_b

Action                   || total
-------------------------++-------
Melee: Unarmed           ||    29
       Punch             ||     1
 Cast: Freeze            ||     6
 Stab: Sleeping          ||     1
Armor: Robe              ||    17
Dodge: Dodged            ||    55

Table legend: (Time is in decaauts)
 A = Elapsed time spent in this place.
 B = Non-inter-level travel time spent in this place.
 C = Inter-level travel time spent in this place.
 D = Time resting spent in this place.
 E = Time spent auto-exploring this place.
 F = Levels seen in this place.
 G = Mean time per level.
                   A        B        C        D        E       F      G
               +--------+--------+--------+--------+--------+-----+--------+
         Total |    465 |    465 |      0 |    247 |    123 |   2 |  232.5 |
       Dungeon |    465 |    465 |      0 |    247 |    123 |   2 |  232.5 |
               +--------+--------+--------+--------+--------+-----+--------+

Top non-repeatable levels by time:
     D:2: 391 daAuts
     D:1: 74 daAuts
